 Dungeon Crawl Stone Soup version 0.28.0 (webtiles) character file.

Game seed: 17829754601968793756

105 Buxparty the Sneak (level 4, -3/21 HPs)
             Began as a Spriggan Enchanter on Feb 18, 2022.
             Killed from afar by Natasha (7 damage)
             ... with a magic dart
             ... on level 2 of the Dungeon.
             The game lasted 00:08:09 (1722 turns).

Buxparty the Sneak (Spriggan Enchanter)             Turns: 1722, Time: 00:08:11

Health: -3/21      AC:  2    Str:  6    XL:     4   Next: 53%
Magic:  4/10       EV: 18    Int: 16    God:
Gold:   81         SH:  0    Dex: 21    Spells: 8/10 levels left

rFire   . . .      SeeInvis +   a - +1 dagger
rCold   . . .      Faith    .   (no shield)
rNeg    . . .      Spirit   .   d - +0 robe
rPois   .          Reflect  .   (helmet restricted)
rElec   .          Harm     .   (no cloak)
rCorr   .          Rampage  .   (gloves unavailable)
Will    .....                   (boots unavailable)
Stlth   +++.......              (no amulet)
HPRegen 0.07/turn               m - +6 ring of dexterity
MPRegen 0.12/turn               (no ring)

@: very quick
A: very small, no large weapons, unfitting armour, see invisible, speed 3
a: no special abilities


You were on level 2 of the Dungeon.
You visited 1 branch of the dungeon, and saw 2 of its levels.

You collected 81 gold pieces.

Inventory:

Hand Weapons
 a - a +1 dagger (weapon)
 b - a +0 hunting sling
Missiles
 e - 43 stones (quivered)
Armour
 d - a +0 robe (worn)
Jewellery
 m - a +6 ring of dexterity (left hand)
Scrolls
 f - 2 scrolls of enchant weapon {unknown}
 g - a scroll of vulnerability {unknown}
 i - a scroll of blinking {unknown}
 k - 2 scrolls of fear {unknown}
Potions
 c - a potion of invisibility
 h - a potion of mutation {unknown}
 j - a potion of magic {unknown}
 l - a potion of haste {unknown}


   Skills:
 + Level 1.7 Short Blades
 + Level 2.7 Slings
 + Level 3.1 Dodging
 + Level 5.0 Stealth
 + Level 3.5 Spellcasting
 + Level 4.3 Hexes


You had 8 spell levels left.
You knew the following spells:

 Your Spells              Type           Power      Damage    Failure   Level
a - Ensorcelled Hibernat  Hex/Ice        18%        N/A       11%         2

Your spell library contained the following spells:

 Spells                   Type           Power      Damage    Failure   Level
 Confusing Touch          Hex            16%        N/A       9%          3
 Tukima's Dance           Hex            16%        N/A       9%          3
 Dazzling Flash           Conj/Hex       18%        N/A       22%         3


Dungeon Overview and Level Annotations

Branches:
Dungeon (2/15)

Altars:
Okawaru

Annotations:
D:2 Natasha


Innate Abilities, Weirdness & Mutations

You are very small and have problems with some larger weapons.
You are too small for most types of armour.
You have supernaturally acute eyesight. (SInv)
You cover ground extremely quickly. (Speed+++)


Message History

Confirm with . or Enter, or press ? or * to list all spells.
Aiming: Ensorcelled Hibernation (safe; 12% risk of failure)
Press: ? - help, Shift-Dir - straight line, f/p - Natasha
Aim: Natasha, carrying a wand of flame (17) (chance to affect: 43%) Natasha looks drowsy...
The helpless Natasha fails to defend herself.
You impale Natasha!!
You kill Natasha!
Natasha screams in fury as she dies!
Your Stealth skill increases to level 5!
Your magical contamination has completely faded away.
Natasha, Servant of Life and Death comes into view.
She is carrying a wand of flame (17).
Natasha hisses angrily.
You hit Natasha.
Natasha is moderately wounded.
Natasha claws you.
Casting: Ensorcelled Hibernation (safe; 11% risk of failure)
Confirm with . or Enter, or press ? or * to list all spells.
Aiming: Ensorcelled Hibernation (safe; 11% risk of failure)
Press: ? - help, Shift-Dir - straight line, f - Natasha
Aim: Natasha, carrying a wand of flame (17) (moderately wounded, chance to affect: 43%) Natasha resists with some effort.
Natasha stares at you and mumbles some strange words.
The magic dart hits you!
* * * LOW HITPOINT WARNING * * *
Casting: Ensorcelled Hibernation (safe; 11% risk of failure)
Confirm with . or Enter, or press ? or * to list all spells.
Aiming: Ensorcelled Hibernation (safe; 11% risk of failure)
Press: ? - help, Shift-Dir - straight line, f/p - Natasha
Aim: Natasha, carrying a wand of flame (17) (moderately wounded, chance to affect: 43%) Natasha resists with some effort.
Natasha barely misses you.
Casting: Ensorcelled Hibernation (safe; 11% risk of failure)
Confirm with . or Enter, or press ? or * to list all spells.
Aiming: Ensorcelled Hibernation (safe; 11% risk of failure)
Press: ? - help, Shift-Dir - straight line, f/p - Natasha
Aim: Natasha, carrying a wand of flame (17) (moderately wounded, chance to affect: 43%) Natasha resists with some effort.
Natasha casts a spell at you. The magic dart hits you!
You die...

##### ### ###### #.#.# #.#
#.#..# #####.#.######.# #.#..#
#..............####.#..#
#..##.#.######.........#########
#..##.#<######.####.#........[..
#..##.#........h<.....)..#######
#..##.#.###....@..#.#....#######
#..##....................#......
#..##.#.###.##.##.......##......
#..##...................##......
#..##.#.###.##..#.#.....##......
#...........##..#.#.....######..
#..####.....##....#.............
#..# #.....##..#.....#.#)..##.#
#..# #........................#


You could see Natasha.

Vanquished Creatures
  Natasha (twice) (D:2)
  Robin (D:1)
  A dart slug (D:2)
  A bat (D:1)
  2 endoplasms
  3 giant cockroaches (D:1)
  13 goblins
  4 hobgoblins
  A kobold (D:1)
  3 quokkas (D:1)
  2 ball pythons (D:1)
  2 frilled lizards (D:1)
  3 rats
38 creatures vanquished.

Notes
Turn   | Place    | Note
-------+----------+-------------------------------------------
     0 | D:1      | Buxparty the Spriggan Enchanter began the quest for the
                  | Orb.
     0 | D:1      | Reached XP level 1. HP: 9/9 MP: 5/5
   428 | D:1      | Reached skill level 1 in Slings
   473 | D:1      | Reached XP level 2. HP: 13/13 MP: 6/6
   476 | D:1      | Learned a level 2 spell: Ensorcelled Hibernation
   476 | D:1      | You fall into a shaft and drop 1 floor!
   689 | D:2      | Found an iron altar of Okawaru.
  1124 | D:2      | Reached XP level 3. HP: 16/16 MP: 1/8
  1188 | D:2      | Noticed Robin
  1242 | D:1      | Killed Robin
  1425 | D:2      | Noticed Natasha
  1431 | D:2      | Killed Natasha
  1432 | D:2      | Reached XP level 4. HP: 21/21 MP: 7/10
  1649 | D:2      | Noticed Natasha
  1657 | D:2      | Killed Natasha
  1658 | D:2      | Reached skill level 5 in Stealth
  1714 | D:2      | Noticed Natasha
  1722 | D:2      | Killed from afar by Natasha

Illustrated notes

Levels and vault maps discovered:
D:1:      dpeg_arrival_simpleton_a, layout_rooms, minmay_misc_feat_five,
          minmay_pentomino_q2
D:2:      layout_basic, shapermc_ecumenical_altar_notcrosses, basic_altar,
          minmay_vboxes, uniq_natasha, uniq_robin

Skill      XL: |  1  2  3  4 |
---------------+-------------+-----
Slings         | 1 2 |  2.7
Spellcasting   | 3 |  3.5
Hexes          | 4 |  4.3
Dodging        | 3 |  3.1
Stealth        | 5 |  5.0
Short Blades   | |  1.7

Action                   |  1- 3 |  4- 6 || total
-------------------------+-------+-------++-------
Melee: Dagger            |    15 |     9 ||    24
 Fire: Hunting sling     |    97 |       ||    97
 Cast: Ensorcelled Hiber |     9 |     9 ||    18
 Stab: Sleeping          |    10 |     3 ||    13
       Distracted        |     1 |       ||     1
Armor: Robe              |       |     2 ||     2
Dodge: Dodged            |    20 |     5 ||    25
